 Dungeon Crawl Stone Soup version 0.16.1-51-g6203257 (console) character file.

2324 ishipenkov the Covert (level 9, -1/58 HPs)
             Began as a Halfling Assassin on Aug 7, 2015.
             Was a Follower of Dithmenos.
             Slain by an orc warrior
             ... wielding a +0 dire flail
              (24 damage)
             ... on level 7 of the Dungeon.
             The game lasted 01:08:10 (6445 turns).

ishipenkov the Covert (Halfling Assassin)           Turns: 6445, Time: 01:08:10

Health: -1/58      AC:  6    Str: 11    XL:     9   Next: 69%
Magic:  12/12      EV: 19    Int: 10    God:    Dithmenos [*.....]
Gold:   386        SH:  7    Dex: 24    Spells: 0 memorised, 8 levels left

rFire  x . .     SeeInvis .     b - +1 blowgun
rCold  . . .     Clarity  .     p - +0 robe {MR+}
rNeg   + . .     SustAb   .     v - +0 buckler of the Lair of Beasts {rF- rN+ Dex+5}
rPois  .         Gourm    .     u - +0 helmet
rElec  .         Spirit   .     t - +2 cloak
rCorr  .         Warding  .     (no gloves)
rMut   .         Stasis   .     (no boots)
MR     +....                    (no amulet)
Stlth  ++++++....               (no ring)
                                (no ring)

@: wreathed by umbra, somewhat resistant to hostile enchantments, very stealthy
A: mutation resistance 1
a: Renounce Religion


You were on level 7 of the Dungeon.
You worshipped Dithmenos.
Dithmenos was aware of your devotion.
You were hungry.

You visited 1 branch of the dungeon, and saw 8 of its levels.

You collected 386 gold pieces.

Inventory:

Hand weapons
 a - a +2 dagger
 b - a +1 blowgun (weapon)
Missiles
 e - 6 poisoned needles
 l - 2 needles of frenzy (quivered)
 C - a curare-tipped needle
Armour
 p - a +0 robe of magic resistance (worn)
 t - a +2 cloak (worn)
 u - a +0 helmet (worn)
 v - the +0 buckler of the Lair of Beasts (worn) {rF- rN+ Dex+5}
   (You found it on level 4 of the Dungeon)

   It affects your dexterity (+5).
   It makes you vulnerable to fire.
   It protects you from negative energy.
Jewellery
 z - an uncursed amulet of regeneration
Magical devices
 y - a wand of frost (17)
 B - a wand of frost (37)
Scrolls
 c - 5 scrolls of teleportation
 f - a scroll of recharging
 j - 3 scrolls of remove curse
 s - a scroll of blinking
Potions
 k - a potion of resistance
 m - a potion of brilliance {unknown}
 o - a potion of ambrosia {unknown}
 r - a potion of restore abilities {unknown}
 w - 2 potions of magic {unknown}
 A - a potion of heal wounds {unknown}
Books
 h - a book of Minor Magic

   Spells                             Type                      Level
   a - Magic Dart                     Conjuration                  1
   b - Blink                          Translocation                2
   c - Call Imp                       Summoning                    2
   d - Repel Missiles                 Charms/Air                   2
   e - Slow                           Hexes                        2
   f - Conjure Flame                  Conjuration/Fire             3
   g - Mephitic Cloud                 Conjuration/Poison/Air       3
Comestibles
 d - 3 chunks of flesh
 g - 2 bread rations
 n - 2 meat rations
 q - a royal jelly


   Skills:
 * Level 4.1 Fighting
 + Level 7.7 Short Blades
 + Level 5.9 Throwing
 + Level 4.8 Dodging
 * Level 9.6 Stealth
 + Level 3.2 Shields
 + Level 2.1 Evocations


You had 8 spell levels left.
You didn't know any spells.

Dungeon Overview and Level Annotations

Branches:
Dungeon (8/15)
 Temple: D:4-7         Lair: D:8-11

Altars:
Dithmenos
Gozag
Makhleb
Nemelex Xobeh
Ru
Sif Muna
Yredelemnul

Shops:
D:7 %


Innate Abilities, Weirdness & Mutations

You are small and have problems with some larger weapons.
You are somewhat resistant to further mutation.


Message History

Something tries to affect you, but you resist.
The orc warrior closely misses you. The orc warrior completely misses you.
You are feeling hungry.
You barely miss something.
The orc warrior hits you with a dire flail!
Something hits you but does no damage. The orc warrior completely misses you.
Something closely misses you.
Firing (i - inventory. (,) - cycle):
l - 3 needles of frenzy (quivered)
Press: ? - help, Shift-Dir - straight line, f - orc priest, p - orc warrior
Aim: an orc priest, wielding a hand axe and wearing a leather armour (lightly wounded)
You shoot a needle of frenzy.
The needle of frenzy hits the orc priest.
The orc priest flies into a frenzy!
The orc priest is lightly wounded.
You block the orc warrior's attack.
You hear some strange, mumbled words.
The puff of flame misses you.
The orc warrior hits you with a dire flail!!
You die...

### ##.#### #.@...##
##### ###.o....# .
###...#####...######
.o#
###...........o##
o(# ..............(#
..# #######.......(#
.(# #........# ..#
#>.......# ..# #. #
##........#
#####..##..#


You could see a neutral orc warrior (insane) and a neutral orc priest (insane).

Vanquished Creatures
  Grinder (D:6)
  A human (D:4)
  Eustachio (D:5)
  A hippogriff (D:7)
  A sky beast (D:7)
  A phantom (D:5)
  A black bear (D:7)
  3 ogres (D:4)
  A centaur (D:5)
  Sigmund (D:2)
  2 giant frogs (D:6)
  A giant frog zombie (D:5)
  2 crimson imps
  An orc priest (D:7)
  A hound (D:7)
  A human skeleton (D:4)
  4 iguanas
  A gnoll shaman (D:4)
  5 worker ants
  A killer bee zombie (D:6)
  3 orc wizards
  A hound zombie (D:6)
  A hound skeleton (D:4)
  Robin (D:4)
  6 gnolls (D:4)
  9 adders
  3 shadow imps
  4 worms
  5 oozes
  18 orcs
  3 bat skeletons
  2 bat zombies (D:6)
  3 giant cockroaches
  22 hobgoblins
  3 jackals (D:7)
  A ball python (D:3)
  12 bats
  6 giant geckos
  A giant gecko skeleton (D:4)
  5 giant newts
  16 goblins
  A jackal skeleton (D:6)
  11 kobolds
  A quokka (D:7)
  A quokka skeleton (D:7)
  A quokka zombie (D:5)
  12 rats
183 creatures vanquished.

Vanquished Creatures (collateral kills)
  An orc (D:7)
  A goblin (D:4)
2 creatures vanquished.

Vanquished Creatures (others)
  An orc (D:7)
1 creature vanquished.

Grand Total: 186 creatures vanquished

Notes
Turn   | Place    | Note
--------------------------------------------------------------
     0 | D:1      | ishipenkov, the Halfling Assassin, began the quest for the Orb.
     0 | D:1      | Reached XP level 1. HP: 14/14 MP: 1/1
   142 | D:1      | Reached XP level 2. HP: 13/19 MP: 2/2
   417 | D:2      | Reached XP level 3. HP: 21/24 MP: 3/3
   435 | D:2      | Reached skill level 5 in Stealth
  1083 | D:2      | Noticed Sigmund
  1103 | D:2      | Killed Sigmund
  1103 | D:2      | Reached skill level 5 in Short Blades
  1103 | D:2      | Reached XP level 4. HP: 25/29 MP: 4/4
  1103 | D:2      | Reached XP level 5. HP: 29/34 MP: 5/5
  1278 | D:2      | Reached skill level 6 in Stealth
  2060 | D:3      | Reached XP level 6. HP: 39/39 MP: 6/6
  2643 | D:4      | Noticed an ogre
  2846 | D:4      | Noticed an ogre
  2860 | D:4      | Killed an ogre
  2860 | D:4      | Reached skill level 7 in Stealth
  2860 | D:4      | Reached XP level 7. HP: 28/44 MP: 7/7
  2949 | D:5      | Entered Level 5 of the Dungeon
  3417 | D:4      | Noticed Robin
  3543 | D:4      | Killed an ogre
  3559 | D:4      | Killed Robin
  3583 | D:4      | Got a steaming buckler
  4058 | D:4      | Reached skill level 8 in Stealth
  4058 | D:4      | Reached XP level 8. HP: 49/49 MP: 8/8
  4067 | D:4      | Identified the +0 buckler of the Lair of Beasts {rF- rN+ Dex+5} (You found it on level 4 of the Dungeon)
  4102 | D:4      | Found a runed door.
  4102 | D:4      | Noticed a human
  4131 | D:4      | Found a basalt altar of Yredelemnul.
  4131 | D:4      | Noticed an ogre
  4186 | D:4      | Killed a human
  4186 | D:4      | Reached skill level 1 in Shields
  4218 | D:4      | Killed an ogre
  4677 | D:6      | Noticed Grinder
  4680 | D:6      | Killed Grinder
  4856 | D:5      | Noticed Eustachio
  4864 | D:5      | Killed Eustachio
  4864 | D:5      | Reached skill level 5 in Throwing
  4864 | D:5      | Reached skill level 9 in Stealth
  4864 | D:5      | Reached XP level 9. HP: 50/57 MP: 9/9
  5049 | D:5      | Reached skill level 1 in Evocations
  5438 | D:5      | Found a sacrificial altar of Ru.
  5469 | D:5      | Found a sparkling altar of Nemelex Xobeh.
  5469 | D:5      | Found a deep blue altar of Sif Muna.
  5470 | D:5      | Found a shadowy altar of Dithmenos.
  5476 | D:5      | Found a burning altar of Makhleb.
  5477 | D:5      | Found an opulent altar of Gozag.
  5483 | D:5      | Became a worshipper of Dithmenos the Shadowed
  5876 | D:7      | Found Faawetz's Food Emporium.
  6445 | D:7      | Slain by an orc warrior

Action                   |  1- 3 |  4- 6 |  7- 9 || total
-------------------------+-------+-------+-------++-------
Melee: Dagger            |    85 |    99 |   383 ||   567
       Blowgun           |       |       |     1 ||     1
 Fire: Blowgun           |    30 |    63 |   135 ||   228
  Use: Scroll            |     3 |     4 |     8 ||    15
 Stab: Sleeping          |     4 |    19 |    22 ||    45
       Distracted        |     2 |     2 |     8 ||    12
  Eat: Chunk             |       |     4 |     4 ||     8
       Bread ration      |       |     1 |     1 ||     2
